 Dungeon Crawl Stone Soup version 0.27-a0-1217-g8a41f320e8 (webtiles) character file.

Game seed: 3157447343956257503

1135 Delamore the Cleaver (level 8, 0/62 HPs)
             Began as a Formicid Fighter on June 5, 2021.
             Was a Priest of Qazlal.
             Slain by a vampire (8 damage)
             ... on level 6 of the Dungeon.
             The game lasted 00:07:00 (6226 turns).

Delamore the Cleaver (Formicid Fighter)             Turns: 6226, Time: 00:07:01

Health: 0/62       AC:  8    Str: 23    XL:     8   Next: 63%
Magic:  8/8        EV:  8    Int:  8    God:    Qazlal [***...]
Gold:   40         SH:  0    Dex: 10    Spells: 7/7 levels left

rFire    . . .     SeeInvis +   a - +1 war axe
rCold    . . .     Faith    .   c - +1 kite shield
rNeg     . . .     Spirit   .   b - +0 scale mail
rPois    .         Reflect  .   (helmet unavailable)
rElec    .         Harm     .   (no cloak)
rCorr    .         Rampage  .   z - +0 pair of gloves
Will     .....                  (no boots)
Stlth    ..........             h - amulet of magic regeneration
HPRegen  0.20/turn              (no ring)
MPRegen  0.36/turn              (no ring)

@: confused
A: permanent stasis, dig shafts and tunnels, antennae 3, four strong arms
a: Dig, Shaft Self, Renounce Religion, Upheaval, Elemental Force


You were on level 6 of the Dungeon.
You worshipped Qazlal.
Qazlal was most pleased with you.
You visited 1 branch of the dungeon, and saw 8 of its levels.

You collected 255 gold pieces.
You spent 215 gold pieces at shops.

Inventory:

Hand Weapons
 a - a +1 war axe (weapon)
Missiles
 e - 49 poisoned darts (quivered)
 v - 2 boomerangs
 x - a curare-tipped dart
Armour
 b - a +0 scale mail (worn)
 c - a +1 kite shield (worn)
 z - a +0 pair of gloves (worn)
Jewellery
 h - an amulet of magic regeneration (around neck)
 y - a ring of positive energy
Wands
 m - a wand of flame (18)
Scrolls
 f - 2 scrolls of immolation
 g - a scroll of fog
 r - 2 scrolls of enchant armour
 t - 2 scrolls of identify
Potions
 d - a potion of might
 i - 2 potions of flight
 j - a potion of resistance
 k - 3 potions of lignification {unknown}
 l - 2 potions of heal wounds
 n - a potion of attraction {unknown}
 o - 3 potions of curing {unknown}
 p - 2 potions of cancellation {unknown}
 q - 2 potions of berserk rage {unknown}
 s - a potion of brilliance {unknown}
 u - a potion of mutation {unknown}


   Skills:
 - Level 5.0 Fighting
 * Level 9.2 Axes
 - Level 3.2 Armour
 - Level 3.6 Shields


You had 7 spell levels left.
You didn't know any spells.
Your spell library contained the following spells:

 Spells                   Type           Power      Damage    Failure   Level
 Corona                   Hex            0%         N/A       98%         1
 Summon Small Mammal      Summ           0%         N/A       98%         1
 Call Imp                 Summ           0%         N/A       99%         2
 Ensorcelled Hibernation  Hex/Ice        0%         N/A       99%         2
 Call Canine Familiar     Summ           0%         N/A       100%        3
 Confusing Touch          Hex            0%         N/A       100%        3
 Dazzling Flash           Conj/Hex       0%         N/A       100%        3
 Summon Guardian Golem    Hex/Summ       0%         N/A       100%        3
 Tukima's Dance           Hex            0%         N/A       100%        3
 Summon Ice Beast         Ice/Summ       0%         N/A       100%        4
 Summon Lightning Spire   Summ/Air       0%         N/A       100%        4


Dungeon Overview and Level Annotations

Branches:
Dungeon (8/15)             Temple (0/1) D:4
   Lair: D:8-11

Altars:
Qazlal

Shops:
D:3 (*   D:4 !   D:5 ?   D:6 [


Innate Abilities, Weirdness & Mutations

You cannot be hasted, slowed, berserked, paralysed or teleported.
You can dig through walls and to a lower floor.
You have a pair of large antennae on your head. (SInv)
Your four strong arms can wield two-handed weapons with a shield.


Message History

The unseen horror completely misses you.
You block the unseen horror's attack.
The vampire mumbles some strange words.
The vampire flickers and vanishes for a moment.
You extend your mandibles.
You can't dig through that.
Okay, then.
The unseen horror hits you but does no damage.
You slash the unseen horror!
The unseen horror is severely wounded.
You block the unseen horror's attack.
The orc priest begins to cast a cantrip, but forgets the words!
You block the unseen horror's attack.
The unseen horror hits you but does no damage.
The orc priest mumbles some strange prayers to Beogh against you.
The vampire is unaffected.
You block the unseen horror's attack.
The orc priest looks satisfied for a moment.
The unseen horror barely misses you. The unseen horror hits you.
* * * LOW HITPOINT WARNING * * *
The unseen horror hits you.
* * * LOW HITPOINT WARNING * * *
The unseen horror completely misses you.
The unseen horror hits you but does no damage.
The vampire closely misses you. You block the vampire's attack.
The orc priest mumbles some strange prayers to Beogh against you.
The unseen horror struggles to resist.
The vampire gestures at you while chanting.
You are confused.
You bump into the stone wall.
You bump into the stone wall.
The vampire barely misses you.
The vampire bites you but does no damage.
You bump into the stone wall.
The vampire hits you.
* * * LOW HITPOINT WARNING * * *
The vampire bites you but does no damage.
You miss the vampire. The vampire hits you.
* * * LOW HITPOINT WARNING * * *
The vampire bites you!
You die...

##############
##############..@Vxo......#
...............##########.##
.....?...........# #..#
################.# ###.#####
#.## ##..o#...## #.<##
##.........# ##{.#
#........... #...##.#
#........... #...##o#
#...........


You could see an unseen horror (invisible), a vampire (invisible) and an orc
priest.

Vanquished Creatures
  2 phantoms (D:5)
  A kobold brigand (D:8)
  Blork the orc (D:5)
  3 scorpions
  A howler monkey (D:6)
  A centaur zombie (D:7)
  A hound (D:4)
  2 bullfrog skeletons
  A centaur skeleton (D:5)
  A jelly (D:4)
  3 iguanas
  7 orc wizards
  A hound skeleton (D:5)
  5 adders
  A shadow imp (D:7)
  A white imp (D:7)
  An ufetubus (D:6)
  An adder skeleton (D:4)
  3 worms
  3 dart slugs
  16 orcs
  6 ball pythons
  5 endoplasms
  3 giant cockroaches
  5 goblins
  5 hobgoblins
  8 jackals
  4 quokkas
  9 bats
  5 frilled lizards
  13 kobolds
  A quokka skeleton (D:4)
  5 rats
125 creatures vanquished.

Vanquished Creatures (others)
  11 fungi (D:4)
11 creatures vanquished.

Grand Total: 136 creatures vanquished

Notes
Turn   | Place    | Note
-------+----------+-------------------------------------------
     0 | D:1      | Delamore the Formicid Fighter began the quest for the Orb.
     0 | D:1      | Reached XP level 1. HP: 18/18 MP: 1/1
   473 | D:1      | Found a faded altar of an unknown god.
   477 | D:1      | Reached XP level 2. HP: 24/24 MP: 2/2
   730 | D:1      | Became a worshipper of Qazlal Stormbringer
   730 | D:1      | Reached * piety under Qazlal
   912 | D:1      | Reached XP level 3. HP: 29/30 MP: 3/3
  1075 | D:2      | Reached skill level 3 in Axes
  1476 | D:2      | Reached XP level 4. HP: 26/37 MP: 4/4
  1947 | D:2      | Reached skill level 4 in Axes
  2271 | D:3      | Reached XP level 5. HP: 30/42 MP: 5/5
  2411 | D:3      | Reached ** piety under Qazlal
  2684 | D:3      | Found Geiprar's Assorted Antiques.
  2693 | D:3      | Bought a scroll labelled OFUOTZAI SEGOA for 22 gold pieces
  2693 | D:3      | Bought an inky potion for 19 gold pieces
  2693 | D:3      | Bought a bubbling pink potion for 19 gold pieces
  2693 | D:3      | Bought 2 cyan potions for 39 gold pieces
  2693 | D:3      | Bought 2 blue potions for 39 gold pieces
  2913 | D:3      | Found Jutedeoh's Antique Weapon Boutique.
  3005 | D:3      | Reached XP level 6. HP: 41/50 MP: 6/6
  3028 | D:3      | Reached skill level 5 in Axes
  3185 | D:4      | Found a staircase to the Ecumenical Temple.
  3498 | D:4      | Reached skill level 5 in Fighting
  3711 | D:4      | Reached skill level 6 in Axes
  3711 | D:4      | Reached XP level 7. HP: 56/56 MP: 7/7
  3717 | D:4      | Found Qatatt's Distillery.
  3723 | D:4      | Bought a potion of heal wounds for 55 gold pieces
  4001 | D:4      | Reached *** piety under Qazlal
  4299 | D:5      | Entered Level 5 of the Dungeon
  4520 | D:5      | Reached skill level 7 in Axes
  4941 | D:5      | Noticed Blork the orc
  4949 | D:5      | Reached XP level 8. HP: 31/62 MP: 8/8
  5113 | D:5      | Killed Blork the orc
  5114 | D:5      | Reached skill level 8 in Axes
  5242 | D:5      | You fall into a shaft and drop 3 floors!
  5469 | D:6      | Noticed a vampire
  5499 | D:5      | Reached skill level 9 in Axes
  5805 | D:5      | Identified the +2 robe "Sidyleh" {Rampage rN++}
  5887 | D:5      | Found Saorutim's Magic Scroll Boutique.
  5895 | D:5      | Bought a scroll of fog for 22 gold pieces
  6176 | D:6      | Found Xaorac's Antique Armour Emporium.
  6181 | D:6      | Noticed an unseen horror
  6226 | D:6      | Slain by a vampire

Illustrated notes

Levels and vault maps discovered:
D:1:      lightli_arrival_windingriver, layout_basic,
          ebering_ecumenical_altar_mist, moated_statue, minivault_26,
          chequers_serial_rivers_large_b
D:2:      layout_loops_cross, kennysheep_nondescript
D:3:      layout_basic, serial_shops, nicolae_shop_overgrown_old_shop,
          nicolae_shop_crystal, kennysheep_generic_room_15
D:4:      layout_loops_corners, minmay_temple_entry_junction, serial_aquarium,
          aquarium_bridge_long_separate [aquarium_subvault_wall,
          aquarium_subvault_bridge, aquarium_subvault_wall,
          aquarium_subvault_balcony, aquarium_subvault_bridge,
          aquarium_subvault_window], aquarium_window_1, aquarium_window_1,
          aquarium_window_corner, aquarium_window_fake, aquarium_view_2d,
          aquarium_pool_1, serial_shops, kennysheep_mini,
          amcnicky_mini_pool_small
D:5:      layout_layer_cave, serial_shops, shop, uniq_blork_the_orc
D:6:      lemuel_ratsnest, layout_rooms, serial_shops, shop,
          minmay_manual_mandibuliform
D:7:      layout_loops_ring, lemuel_tele_altar, hellmonk_ghost_happy_afterlife,
          kennysheep_generic_room_12
D:8:      layout_basic, nicolae_gozag_seed_capital,
          nicolae_hepliaklqana_hippocampus, ebering_ghost_reflecting_pool

Skill      XL: |  1  2  3  4  5  6  7  8 |
---------------+-------------------------+-----
Axes           | 3 4 6 7 9 |  9.2
Fighting       | 4 5 |  5.0
Armour         | |  3.2
Shields        | |  3.6

Action                   |  1- 3 |  4- 6 |  7- 9 || total
-------------------------+-------+-------+-------++-------
Melee: War axe           |   104 |   131 |   148 ||   383
Throw: Throwing net      |       |       |     1 ||     1
 Abil: Dig               |     5 |     4 |     8 ||    17
  Use: Scroll            |     1 |     5 |     4 ||    10
Armor: Scale mail        |    52 |    42 |    56 ||   150
Dodge: Dodged            |    22 |    27 |    56 ||   105
Block: Kite shield       |    60 |    93 |   135 ||   288

Table legend: (Time is in decaauts)
 A = Elapsed time spent in this place.
 B = Non-inter-level travel time spent in this place.
 C = Inter-level travel time spent in this place.
 D = Time resting spent in this place.
 E = Time spent auto-exploring this place.
 F = Levels seen in this place.
 G = Mean time per level.
                   A        B        C        D        E       F      G
               +--------+--------+--------+--------+--------+-----+--------+
         Total |   6428 |   6167 |    261 |   1391 |   3736 |   8 |  803.5 |
       Dungeon |   6428 |   6167 |    261 |   1391 |   3736 |   8 |  803.5 |
               +--------+--------+--------+--------+--------+-----+--------+

Top non-repeatable levels by time:
     D:4: 1446 daAuts
     D:2: 1259 daAuts
     D:5: 1257 daAuts
     D:1: 1096 daAuts
     D:3: 1001 daAuts
     D:7: 187 daAuts
     D:6: 140 daAuts
     D:8: 38 daAuts
